[Event "*** SCC Grand Prix: Titled Tuesday Blitz"]
[Site "Chess.com"]
[Date "2020.07.07"]
[Round "7"]
[White "chenxiaoyuer"]
[Black "Harry_Rakkel"]
[Result "1-0"]
[WhiteElo "2425"]
[BlackElo "2545"]
[TimeControl "180+1"]
[EndTime "11:19:21 PDT"]
[Termination "chenxiaoyuer won on time"]

1. e4 c5 2. Nf3 d6 3. d4 cxd4 4. Nxd4 Nf6 5. Nc3 a6 6. Be2 e5 7. Nb3 Be7 8. O-O O-O 9. Kh1 b6 10. Be3 Bb7 11. f3 b5 12. a3 Nbd7 13. Qe1 Rc8 14. Qf2 Rc7 15. Rfd1 Qa8 16. Na5 Rfc8 17. Nxb7 Qxb7 18. g4 Rxc3 19. bxc3 Rxc3 20. Bd3 Nf8 21. Qd2 Qc6 22. Rdb1 h5 23. h3 hxg4 24. hxg4 Ne6 25. Rb3 Rxb3 26. cxb3 d5 27. Rc1 Qd7 28. exd5 Nd4 29.
Bxd4 exd4 30. Qf4 g6 31. Qxd4 Qd6 32. Rc8+ Kg7 33. g5 Qg3 34. gxf6+ Bxf6 35. Qe4 Be5 36. Rc2 f5 37. Qe3 Qh4+ 38. Kg2 1-0

[Event "*** SCC Grand Prix: Titled Tuesday Blitz"]
[Site "Chess.com"]
[Date "2020.07.07"]
[Round "7"]
[White "Beca95"]
[Black "Kildepiotr"]
[Result "0-1"]
[WhiteElo "2882"]
[BlackElo "2624"]
[TimeControl "180+1"]
[EndTime "11:19:23 PDT"]
[Termination "Kildepiotr won by checkmate"]

1. d4 c5 2. d5 e5 3. Nc3 d6 4. e4 Be7 5. Bb5+ Nd7 6. a4 Bg5 7. Nf3 Bxc1 8. Qxc1 Ne7 9. Nd2 O-O 10. Bd3 Nf6 11. Nc4 Ng6 12. g3 Ne8 13. Ne3 Ne7 14. Qd1 f5 15. exf5 Nxf5 16. Nxf5 Bxf5 17. Bxf5 Rxf5 18.
Qg4 g6 19. h4 Nf6 20. Qe2 Qa5 21. O-O-O a6 22. f4 b5 23. Kb1 b4 24. Ne4 Nxe4 25. Qxe4 Qxa4 26. h5 Qe8 27. hxg6 Qxg6 28. Rh4 exf4 29.
Rdh1 Re8 30. Qd3 Re7 31. Rh6 Qg5 32. gxf4 Qxf4 33. Re6 Ref7 34. Re8+ Kg7 35. Ka2 c4 36. Qe2 Rg5 37. Qe6 b3+ 38. cxb3 cxb3+ 39. Ka3 Rg4 40. Kxb3 Qa4+ 41. Kc3 Qc4+ 42. Kd2 Rg2+ 43. Kd1 Qc2+ 44. Ke1 Qc1# 0-1

[Event "*** SCC Grand Prix: Titled Tuesday Blitz"]
[Site "Chess.com"]
[Date "2020.07.07"]
[Round "7"]
[White "Tsyhanchuk_Stanislav"]
[Black "nocnypako"]
[Result "1-0"]
[WhiteElo "2437"]
[BlackElo "2571"]
[TimeControl "180+1"]
[EndTime "11:19:23 PDT"]
[Termination "Tsyhanchuk_Stanislav won on time"]

1. e4 c5 2. Nf3 d6 3. d4 cxd4 4. Nxd4 Nf6 5. Nc3 a6 6. Be3 e5 7. Nb3 Be6 8. Qd2 Nbd7 9. f4 Rc8 10. O-O-O b5 11. Bd3 Be7 12. h3 Nb6 13. f5 Bc4 14. g4 h6 15. Kb1 d5 16. exd5 Bb4 17. a3 Bxc3 18. Qxc3 O-O 19. Qxe5 Re8 20. Qd4 Nbxd5 21.
Bc1 Bxd3 22. Rxd3 Qc7 23. Qf2 Ne4 24. Qg2 Nb6 25. h4 Nc4 26. g5 h5 27. g6 a5 28.
gxf7+ Qxf7 29. Nd4 b4 30. a4 Nf6 31. Ne6 Ng4 32. Rf1 Nce5 33. Rd5 Rc6 34. Nd8 Rxd8 35.
Rxd8+ Kh7 36. Qe4 Rf6 37. Bg5 Qc7 38. Rdd1 1-0

[Event "*** SCC Grand Prix: Titled Tuesday Blitz"]
[Site "Chess.com"]
[Date "2020.07.07"]
[Round "7"]
[White "ThePatrick27"]
[Black "MasterKroket"]
[Result "0-1"]
[WhiteElo "2509"]
[BlackElo "2408"]
[TimeControl "180+1"]
[EndTime "11:19:24 PDT"]
[Termination "MasterKroket won by resignation"]

1. d4 Nf6 2. c4 e6 3. Nc3 Bb4 4.
e3 O-O 5. Bd3 c5 6. Ne2 d5 7.
O-O Nc6 8. a3 Bxc3 9. bxc3 dxc4 10. Bxc4 Qc7 11. Ng3 e5 12. d5 Na5 13. Ba2 c4 14. e4 Ne8 15. f4 Nd6 16. fxe5 Nb5 17.
Bf4 Nxc3 18. Qh5 Qc5+ 19. Kh1 Nxa2 20. Rxa2 c3 21. Raf2 Bd7 22. Nf5 Bxf5 23. Qxf5 Nc4 24. Bc1 Rae8 25. Qg4 Nxe5 26. Qg3 Ng6 27. h4 Rxe4 28.
h5 Ne5 29. Bh6 Ng4 30. Bxg7 Kxg7 31. Rf4 Rxf4 32. Rxf4 f5 33. Rxf5 Rxf5 34. Qxg4+ Kf6 35. Qh4+ Ke5 36. Qe1+ Kxd5 37. Qd1+ Qd4 38. Qb3+ Ke4 39.
Qe6+ Re5 40. Qg4+ Kd3 41. Qf3+ Qe3 42. Qd1+ Qd2 43. Qf1+ Kc2 0-1

[Event "*** SCC Grand Prix: Titled Tuesday Blitz"]
[Site "Chess.com"]
[Date "2020.07.07"]
[Round "7"]
[White "tteshan"]
[Black "Ariadna_Atreides"]
[Result "0-1"]
[WhiteElo "2261"]
[BlackElo "2077"]
[TimeControl "180+1"]
[EndTime "11:19:24 PDT"]
[Termination "Ariadna_Atreides won by checkmate"]

1. b3 e5 2. Bb2 Nc6 3. e3 d6 4.
Bb5 Bd7 5. Nf3 a6 6. Be2 f5 7. O-O Nf6 8. h3 Be7 9. c4 O-O 10. Nc3 e4 11. Ne1 Ne5 12. d3 exd3 13. Nxd3 Bc6 14.
Nf4 Qd7 15. Ncd5 g5 16. Nxf6+ Bxf6 17. Nd5 Nf3+ 18. Bxf3 Bxb2 19. Rb1 Bg7 20. Qd3 Be5 21. e4 g4 22. hxg4 fxg4 23. Be2 Kh8 24. g3 h5 25. Kg2 Qf7 26. Qe3 Kh7 27. Rh1 Bxd5 28.
exd5 Rae8 29. Rbf1 Bg7 30. Qg5 Rxe2 31. Rxh5+ Kg8 32.
Rfh1 Rxf2+ 33. Kg1 Rf1+ 34. Kg2 Qf2# 0-1

[Event "*** SCC Grand Prix: Titled Tuesday Blitz"]
[Site "Chess.com"]
[Date "2020.07.07"]
[Round "7"]
[White "FMOlexandrProhorov"]
[Black "mikheeva86"]
[Result "1-0"]
[WhiteElo "2129"]
[BlackElo "1916"]
[TimeControl "180+1"]
[EndTime "11:19:24 PDT"]
[Termination "FMOlexandrProhorov won by resignation"]

1. Nf3 Nf6 2. d4 e6 3. c4 d5 4. Nc3 Nbd7 5. Bf4 Bb4 6. e3 O-O 7. cxd5 Nxd5 8. Qc2 Nxf4 9. exf4 Nf6 10. Bd3 b6 11.
O-O Bb7 12. Ne4 Be7 13. Rac1 Rc8 14. Rfd1 h6 15. Nxf6+ Bxf6 16. Be4 Bxe4 17. Qxe4 Qe7 18. Ne5 Bxe5 19. dxe5 c5 20. Rd6 Rfd8 21. Rcd1 Rxd6 22. exd6 Qd7 23. g4 Rd8 24. g5 hxg5 25. fxg5 Qc8 26. Rd3 Qb8 27. Qc6 Qc8 28. Qe4 Qb8 29. Qe5 Qb7 30. h4 Qc6 31. h5 Kf8 32. h6 Ke8 33. hxg7 Kd7 34. Qf6 Kc8 1-0

[Event "*** SCC Grand Prix: Titled Tuesday Blitz"]
[Site "Chess.com"]
[Date "2020.07.07"]
[Round "7"]
[White "RaunakSadhwani2005"]
[Black "tigra"]
[Result "1-0"]
[WhiteElo "2925"]
[BlackElo "2793"]
[TimeControl "180+1"]
[EndTime "11:19:25 PDT"]
[Termination "RaunakSadhwani2005 won by resignation"]

1. d4 Nf6 2. Bf4 d5 3. e3 e6 4. Nf3 b6 5. Nbd2 Bd6 6. Ne5 O-O 7. h4 c5 8. h5 Qc7 9. h6 g6 10. Bd3 Ba6 11. Bxa6 Nxa6 12. c3 b5 13. Qf3 b4 14.
Bg3 Ne8 15. Ng4 f5 16. Ne5 Nf6 17. O-O bxc3 18. bxc3 Rab8 19. c4 cxd4 20. exd4 Ne4 21. Nxe4 dxe4 22. Qe3 Nb4 23. c5 f4 24. cxd6 Qxd6 25.
Qxe4 fxg3 26. fxg3 Qd5 27. Qxd5 Nxd5 28. Rxf8+ Rxf8 29. Rb1 Ne3 30. g4 g5 31. Rb7 Rf1+ 32.
Kh2 Rf2 33. Rg7+ Kf8 34. Rxh7 Rxg2+ 35. Kh3 Rg1 36. Ng6+ Ke8 37. Re7+ Kd8 38. h7 Rh1+ 39. Kg3 1-0

[Event "*** SCC Grand Prix: Titled Tuesday Blitz"]
[Site "Chess.com"]
[Date "2020.07.07"]
[Round "7"]
[White "Korchmar_Vasiliy"]
[Black "platy3"]
[Result "1-0"]
[WhiteElo "2642"]
[BlackElo "2784"]
[TimeControl "180+1"]
[EndTime "11:19:25 PDT"]
[Termination "Korchmar_Vasiliy won on time"]

1. d4 Nf6 2. c4 e6 3. g3 c5 4. d5 exd5 5. cxd5 d6 6. Nc3 g6 7. Bg2 Bg7 8. Nf3 O-O 9. O-O Re8 10. Bf4 Bf5 11. Bg5 h6 12. Bxf6 Bxf6 13. Nd2 Bc8 14. Nc4 Bxc3 15. bxc3 b5 16. Nd2 Nd7 17. e4 Ne5 18. f4 Ng4 19. Qf3 c4 20. Rae1 Nf6 21. e5 Qb6+ 22. Kh1 Bg4 23. Qe3 Nd7 24. Qe4 Bf5 25. Qf3 dxe5 26. fxe5 Nxe5 27. Rxe5 Rxe5 28. g4 Qe3 29. Qxe3 Rxe3 30. gxf5 Rxc3 31. Ne4 Rd3 32. fxg6 fxg6 33. Rf6 1-0

[Event "*** SCC Grand Prix: Titled Tuesday Blitz"]
[Site "Chess.com"]
[Date "2020.07.07"]
[Round "7"]
[White "OhanyanEminChess"]
[Black "sasko1234"]
[Result "0-1"]
[WhiteElo "2505"]
[BlackElo "2406"]
[TimeControl "180+1"]
[EndTime "11:19:25 PDT"]
[Termination "sasko1234 won on time"]

1. e4 d6 2. d4 Nf6 3. Nc3 c6 4. f4 Qa5 5. Bd3 e5 6. dxe5 dxe5 7. fxe5 Ng4 8. Nf3 Nxe5 9. Nxe5 Qxe5 10. O-O Bd6 11.
Bf4 Qc5+ 12. Kh1 Bxf4 13. Rxf4 O-O 14. Rh4 h6 15. Rh5 Qe7 16. e5 Nd7 17. Qe2 Re8 18. Qe4 Nf8 19. Rf1 Be6 20. Ne2 Rad8 21. Nd4 a6 22. Nf5 Bxf5 23. Qxf5 b5 24. Qg4 Rd5 25.
Rxh6 Rxe5 26. Rh3 Re1 27. Rf3 Rxf1+ 28. Rxf1 Qe6 29. Qh4 c5 30. b3 Qe5 31. h3 Re6 32.
Qf2 Rf6 33. Qg1 Rxf1 0-1

[Event "*** SCC Grand Prix: Titled Tuesday Blitz"]
[Site "Chess.com"]
[Date "2020.07.07"]
[Round "7"]
[White "Gloomy_Wanderer"]
[Black "GigaQuparadze"]
[Result "0-1"]
[WhiteElo "2754"]
[BlackElo "2888"]
[TimeControl "180+1"]
[EndTime "11:19:26 PDT"]
[Termination "GigaQuparadze won by resignation"]

1. d4 Nf6 2. Nf3 e6 3. c4 b6 4. g3 Bb4+ 5. Bd2 c5 6. Bg2 Bb7 7.
O-O O-O 8. Bc3 a5 9. a3 Bxc3 10.
Nxc3 d6 11. d5 exd5 12. Nh4 Nbd7 13. Nxd5 Nxd5 14. Bxd5 Bxd5 15. Qxd5 Nf6 16. Qd3 d5 17. cxd5 Qxd5 18. Qxd5 Nxd5 19. Rfd1 Rad8 20. Nf5 Rfe8 21. Rd2 g6 22. Nh4 Nf6 23. Rad1 Rxd2 24. Rxd2 b5 25.
f3 c4 26. Ng2 Rc8 27. Rc2 Nd5 28. e4 Nb6 29. Ne3 Rd8 30. Kf2 Rd3 31. Ke2 Rb3 32. Nd1 b4 33. axb4 axb4 34. Ne3 h5 35. h4 Kg7 36. Nxc4 Nxc4 37. Rxc4 Rxb2+ 38. Ke3 Rb3+ 39. Kf4 Rb1 40. Rc6 b3 41. Rb6 b2 42. Ke5 Rf1 43. Rxb2 Rxf3 44. Rg2 Kh6 45. Kd6 g5 46. e5 Kg6 47.
hxg5 Kxg5 48. Ke7 Kg4 49. Rg1 Rf5 50. Kd6 Rf3 51. Ke7 Rf2 52. Kf8 Rf5 53. Kg7 Kh3 54. Kh6 Rxe5 55. Rf1 Kxg3 56. Rxf7 h4 57. Rg7+ Kf4 58.
Rf7+ Rf5 59. Ra7 h3 60. Ra4+ Kg3 61. Kg6 Rf4 62. Ra3+ Rf3 0-1

[Event "*** SCC Grand Prix: Titled Tuesday Blitz"]
[Site "Chess.com"]
[Date "2020.07.07"]
[Round "7"]
[White "xberli"]
[Black "Lion-Al-Messi"]
[Result "0-1"]
[WhiteElo "2304"]
[BlackElo "2453"]
[TimeControl "180+1"]
[EndTime "11:19:26 PDT"]
[Termination "Lion-Al-Messi won on time"]

1. e4 e6 2. d4 d5 3. Nc3 Nf6 4. e5 Nfd7 5. f4 c5 6. Nf3 Nc6 7. Be3 a6 8. Qd2 b5 9. Bd3 Qb6 10. Qf2 cxd4 11. Nxd4 Bc5 12. Nce2 Bb7 13. O-O-O b4 14.
Kb1 a5 15. h4 a4 16. h5 b3 17. cxb3 axb3 18. axb3 Nb4 19. Bb5 Qa5 20. Ba4 Ba6 21. Qg3 O-O 22. f5 Bd3+ 23. Rxd3 Nxd3 24. f6 g6 25.
hxg6 fxg6 26. Qh3 Rf7 27. Qxe6 N7xe5 28. Qxd5 Rd8 29. Qe4 Bxd4 30. Nxd4 Qd5 31. Qh4 Nc5 32. Nb5 Qe4+ 33. Qxe4 Nxe4 0-1

[Event "*** SCC Grand Prix: Titled Tuesday Blitz"]
[Site "Chess.com"]
[Date "2020.07.07"]
[Round "7"]
[White "SavelievAlexei"]
[Black "Balla_Tamas"]
[Result "1/2-1/2"]
[WhiteElo "2396"]
[BlackElo "2512"]
[TimeControl "180+1"]
[EndTime "11:19:29 PDT"]
[Termination "Game drawn by repetition"]

1. e4 c5 2. Nf3 e6 3. d4 cxd4 4. Nxd4 a6 5. c4 Nf6 6. Nc3 Qc7 7. Be2 Bb4 8. Qd3 Nc6 9. Nxc6 dxc6 10. O-O e5 11. f4 O-O 12. fxe5 Bc5+ 13. Kh1 Ng4 14. Qg3 Nxe5 15. Bf4 f6 16. Na4 Be7 17. c5 Be6 18. b4 Rad8 19. Rfd1 Rxd1+ 20. Rxd1 Bxa2 21. Nb6 Rd8 22. Rxd8+ Bxd8 23. Bc4+ Bxc4 24. Nxc4 Qd7 25. Nd6 Nf7 26. e5 fxe5 27. Bxe5 Nxd6 28. cxd6 a5 29. bxa5 Bxa5 30. h4 h6 31. h5 Bd8 32. Qg6 Qf7 33. Qg4 b5 34. Bd4 b4 35. Kg1 b3 36. Qc8 Qf8 37.
Qe6+ Qf7 38. Qc8 Qf8 39. Qe6+ Kh7 40. Qg6+ Kg8 41. Qe6+ 1/2-1/2

[Event "*** SCC Grand Prix: Titled Tuesday Blitz"]
[Site "Chess.com"]
[Date "2020.07.07"]
[Round "7"]
[White "BigAl"]
[Black "Tashik"]
[Result "1-0"]
[WhiteElo "2508"]
[BlackElo "2375"]
[TimeControl "180+1"]
[EndTime "11:19:29 PDT"]
[Termination "BigAl won on time"]

1. e4 Nf6 2. Nc3 d5 3. exd5 Nxd5 4. Qf3 c6 5. Bc4 Nf6 6. d3 Bg4 7. Qg3 e6 8. h3 Bd6 9. Qh4 Bf5 10. Nge2 Nbd7 11. g4 Bg6 12. f4 Nd5 13. Qxd8+ Rxd8 14. O-O Bc5+ 15. d4 Bb6 16. f5 exf5 17. gxf5 Bh5 18. Ng3 Bxd4+ 19. Kh1 N5f6 20. Bg5 O-O 21. Kg2 Rde8 22.
Nxh5 Nxh5 23. Rad1 Bxc3 24. Rxd7 Bxb2 25. Rxb7 Bd4 26.
Rd1 c5 27. c3 Bf6 28. Bc1 Be5 29. Rdd7 Bxc3 30. Bxf7+ Rxf7 31. Rxf7 Re2+ 32. Kf3 Rh2 33. Kg4 Nf6+ 34. Kg3 Be5+ 35. Kf3 Nd5 36. Rfd7 Rxh3+ 37. Kg2 Rg3+ 38. Kf2 1-0

[Event "*** SCC Grand Prix: Titled Tuesday Blitz"]
[Site "Chess.com"]
[Date "2020.07.07"]
[Round "7"]
[White "AquivaRubinstein"]
[Black "AndrewDGreen"]
[Result "1-0"]
[WhiteElo "2473"]
[BlackElo "2346"]
[TimeControl "180+1"]
[EndTime "11:19:29 PDT"]
[Termination "AquivaRubinstein won by resignation"]

1. e4 c5 2. Nf3 g6 3. c3 d5 4.
exd5 Qxd5 5. d4 Bg7 6. Be2 cxd4 7. cxd4 Nf6 8. Nc3 Qd6 9. Nb5 Qb6 10. O-O O-O 11.
d5 Rd8 12. Be3 Qa5 13. b4 Qxb4 14. Nc7 Na6 15. Nxa8 Nxd5 16. Rb1 Qa5 17. Bd2 Qxa2 18. Qb3 Qxb3 19. Rxb3 b6 20. Ra3 Nc5 21. Rxa7 Bg4 22. Bg5 h6 23. Bh4 Nc3 24. Bc4 Bxf3 25. gxf3 Rd4 26. Bxf7+ Kxf7 27. Bxe7 Kg8 28. Nxb6 Nd3 29. Nd7 Ne2+ 30. Kh1 Rf4 31. Kg2 Rf5 32. Ra8+ Kh7 33. Bd6 Rf7 34. Nc5 Nxc5 35. Bxc5 Rf5 36. Be3 h5 37. Rd1 Rf7 38. Rad8 Nc3 39. R1d7 Rxd7 40. Rxd7 Kg8 41. Rxg7+ Kxg7 42. Bd4+ 1-0

[Event "*** SCC Grand Prix: Titled Tuesday Blitz"]
[Site "Chess.com"]
[Date "2020.07.07"]
[Round "7"]
[White "profofchess"]
[Black "pavlitas17"]
[Result "0-1"]
[WhiteElo "2449"]
[BlackElo "2310"]
[TimeControl "180+1"]
[EndTime "11:19:29 PDT"]
[Termination "pavlitas17 won on time"]

1. e4 c5 2. Nf3 d6 3. c3 Nf6 4. Bc4 g6 5. e5 d5 6. Bb5+ Nfd7 7. d4 Nc6 8. e6 fxe6 9. O-O Bg7 10. Qe2 Nf6 11. Ng5 cxd4 12. cxd4 Qd6 13. Re1 a6 14. Bxc6+ Qxc6 15. Nc3 O-O 16. Nxe6 Bxe6 17. Qxe6+ Qxe6 18. Rxe6 Kf7 19. Rb6 Ne4 20. Be3 Nd6 21. Nxd5 Rab8 22. Rc1 Ke6 23. Nf4+ Kd7 24. Nd3 Rfc8 25. Nc5+ Ke8 26.
Kf1 Nf5 27. Rd1 Bxd4 28. Bxd4 Nxd4 29. Rxb7 Rxb7 30. Nxb7 Ne6 31. Rd2 Rc4 32. Na5 Ra4 33. Nb3 Rxa2 34. g3 a5 35. Kg2 a4 36. Nc1 Ra1 37. Nd3 Nd4 38. Nc5 Nb5 39. h4 Nd6 40.
g4 Ra2 41. Rc2 a3 42. Nd3 axb2 43. Rxb2 Ra4 44. Kg3 Ra3 45. Rb8+ Kf7 46. Kf4 Rxd3 47.
Kg5 Kg7 0-1

[Event "*** SCC Grand Prix: Titled Tuesday Blitz"]
[Site "Chess.com"]
[Date "2020.07.07"]
[Round "7"]
[White "ErikBlomqvist"]
[Black "deep306"]
[Result "0-1"]
[WhiteElo "2501"]
[BlackElo "2660"]
[TimeControl "180+1"]
[EndTime "11:19:30 PDT"]
[Termination "deep306 won on time"]

1. e4 e6 2. d4 d5 3. e5 c5 4. c3 Nc6 5. Nf3 Bd7 6. Be2 Qc7 7. O-O f6 8. exf6 Nxf6 9. Be3 cxd4 10. cxd4 Bd6 11. h3 O-O 12. Nc3 a6 13. Rc1 Be8 14. Ng5 Qe7 15. Re1 Bg6 16. Bd3 Bxd3 17. Qxd3 h6 18. Nf3 Rae8 19. Qg6 Nh7 20. Qg4 Rf6 21. Bd2 Qf7 22. Re2 h5 23. Qh4 Rxf3 24. gxf3 Qxf3 25. Rce1 Nf8 26. Bc1 Ng6 27. Qg5 Nf4 28. Bxf4 Bxf4 29. Qg6 Rf8 30. Rxe6 Nxd4 31. Re8 Bd6 32.
Rxf8+ Bxf8 0-1

[Event "*** SCC Grand Prix: Titled Tuesday Blitz"]
[Site "Chess.com"]
[Date "2020.07.07"]
[Round "7"]
[White "Thipsay"]
[Black "plumalka"]
[Result "1/2-1/2"]
[WhiteElo "2521"]
[BlackElo "2405"]
[TimeControl "180+1"]
[EndTime "11:19:30 PDT"]
[Termination "Game drawn by repetition"]

1. e4 c5 2. Nf3 d6 3. d4 cxd4 4. Nxd4 Nf6 5. Nc3 Bd7 6. Bc4 Nc6 7. Be3 g6 8. h3 Bg7 9. O-O O-O 10. Bb3 Rc8 11.
f4 Na5 12. Qd3 a6 13. f5 b5 14. Rad1 Nc4 15. Bc1 Qb6 16. Kh2 Ne5 17. Qe2 Nh5 18.
Nd5 Qd8 19. Bg5 Nf6 20. fxg6 hxg6 21. Nxf6+ exf6 22. Bf4 Qe7 23. Nf3 a5 24. Nxe5 dxe5 25. Be3 a4 26. Bd5 Be6 27. b3 Rc3 28. Rd3 Rfc8 29. Rxc3 Rxc3 30. Qd2 Qc7 31. Bxe6 fxe6 32.
Rf2 f5 33. Bg5 Kh7 34. Bd8 Qc6 35. Ba5 Rc5 36. Bb4 Bh6 37. Qe2 axb3 38. axb3 Bf4+ 39. Kh1 Rc3 40. Bxc3 Qxc3 41. Rf1 Qg3 42. Kg1 Qh2+ 43. Kf2 Qg3+ 44. Kg1 Be3+ 45. Kh1 Bf4 46. Kg1 1/2-1/2

[Event "*** SCC Grand Prix: Titled Tuesday Blitz"]
[Site "Chess.com"]
[Date "2020.07.07"]
[Round "7"]
[White "Godzillator"]
[Black "Quiet_Desperation"]
[Result "0-1"]
[WhiteElo "2350"]
[BlackElo "2231"]
[TimeControl "180+1"]
[EndTime "11:19:30 PDT"]
[Termination "Quiet_Desperation won by checkmate"]

1. d4 d5 2. c4 c6 3. cxd5 cxd5 4. Bf4 Nc6 5. e3 e6 6. Nc3 Nf6 7. Bd3 h6 8. h3 Bd6 9. Bxd6 Qxd6 10. Nf3 a6 11. Rc1 O-O 12. a3 e5 13. dxe5 Nxe5 14. Nxe5 Qxe5 15. O-O Qg5 16. Kh1 Rd8 17. Ne2 Qh4 18. Ng3 Bxh3 19. Kg1 Be6 20. Bf5 d4 21. Bxe6 fxe6 22. Qb3 Ng4 23. Qxe6+ Kh8 24. Rfd1 dxe3 25.
Rxd8+ Rxd8 26. Rc8 exf2+ 27. Kf1 Rxc8 28. Qxc8+ Kh7 29.
Qf5+ Kg8 30. Qc8+ Kf7 31. Qd7+ Kf8 32. Qc8+ Kf7 33. Qd7+ Qe7 34. Qf5+ Kg8 35. Qc8+ Kh7 36. Qf5+ g6 37. Qb1 Qf6 38. Nf5 Qxf5 39. Qxf5 gxf5 40. g3 Kg6 41. Kg2 Kg5 42. a4 f4 43. gxf4+ Kxf4 44. a5 Ke3 45. Kf1 Nh2+ 46. Kg2 f1=Q+ 47. Kg3 Qf3+ 48.
Kh4 Qg4# 0-1

[Event "*** SCC Grand Prix: Titled Tuesday Blitz"]
[Site "Chess.com"]
[Date "2020.07.07"]
[Round "7"]
[White "Larina_Marija"]
[Black "WeAintSurePal"]
[Result "1-0"]
[WhiteElo "2109"]
[BlackElo "2279"]
[TimeControl "180+1"]
[EndTime "11:19:30 PDT"]
[Termination "Larina_Marija won by checkmate"]

1. e4 c6 2. d4 d5 3. Nd2 dxe4 4.
Nxe4 Nf6 5. Nxf6+ exf6 6. c3 Be6 7. Bd3 Bd6 8. Qc2 Nd7 9. f4 Nf8 10. f5 Bd7 11. Ne2 Qc7 12. c4 Bxh2 13. Kf2 h5 14. c5 h4 15. Rxh2 Qxh2 16. Bf4 Qxf4+ 17. Nxf4 O-O-O 18. a4 g5 19. fxg6 fxg6 20. Nxg6 Nxg6 21. Bxg6 h3 22. Bf5 hxg2 23. Bxd7+ Rxd7 24. Kxg2 Rg7+ 25. Kf3 Rh3+ 26. Ke4 Rg5 27. Rf1 Rh4+ 28. Rf4 Rh1 29.
Qf2 Rhg1 30. Rxf6 R1g4+ 31. Rf4 Rxf4+ 32. Qxf4 Rd5 33. Qf8+ Kc7 34. Qe7+ Kc8 35. Qe6+ Kc7 36. Qxd5 cxd5+ 37. Kxd5 Kd7 38. b4 a6 39. b5 Kc7 40.
Ke6 Kc8 41. d5 Kc7 42. d6+ Kd8 43. c6 bxc6 44. bxc6 Kc8 45. Ke7 Kb8 46. d7 Ka7 47. d8=Q a5 48. Qxa5+ Kb8 49. Qb6+ Kc8 50. Qb7# 1-0

[Event "*** SCC Grand Prix: Titled Tuesday Blitz"]
[Site "Chess.com"]
[Date "2020.07.07"]
[Round "7"]
[White "ZiggyStardust64"]
[Black "Isajevsky_Anton"]
[Result "1/2-1/2"]
[WhiteElo "2671"]
[BlackElo "2546"]
[TimeControl "180+1"]
[EndTime "11:19:31 PDT"]
[Termination "Game drawn by repetition"]

1. d4 d5 2. c4 e6 3. Nc3 Nf6 4.
cxd5 exd5 5. Bg5 c6 6. e3 Bf5 7. Qf3 Bg6 8. Bxf6 Qxf6 9. Qxf6 gxf6 10. Nf3 Nd7 11. Nh4 Be7 12. Ne2 f5 13. g3 Bxh4 14. gxh4 Nf6 15. Nf4 Nh5 16. Be2 Nxf4 17. exf4 h5 18.
Kd2 Ke7 19. b4 a6 20. a4 Kd6 21. Bd3 Rhg8 22. Rhg1 f6 23. Rg3 Ke6 24. Rag1 Kf7 25. Kc3 Bh7 26. Be2 Rxg3+ 27. hxg3 Bg6 28. Rb1 Ke7 29.
b5 axb5 30. axb5 Ra2 31. Kd3 Ra3+ 32. Kd2 Ra2+ 33. Ke3 Ra3+ 34. Bd3 Be8 35. bxc6 Bxc6 36. Ke2 Ke6 37. Rb2 Ra4 38. Ke3 Ra3 39. Rb4 Kf7 40. Ke2 Ke6 41. Rb2 Ra4 42. Ke3 Ra3 43. Re2 Kd6 44. Rb2 Ke6 1/2-1/2

[Event "*** SCC Grand Prix: Titled Tuesday Blitz"]
[Site "Chess.com"]
[Date "2020.07.07"]
[Round "7"]
[White "sertalzin"]
[Black "sri5996"]
[Result "0-1"]
[WhiteElo "2028"]
[BlackElo "2289"]
[TimeControl "180+1"]
[EndTime "11:19:31 PDT"]
[Termination "sri5996 won on time"]

1. d4 Nf6 2. c4 e6 3. Nc3 Bb4 4. e3 O-O 5. Ne2 Re8 6. a3 Bf8 7. d5 a5 8. Ng3 Na6 9. Be2 Nc5 10. b3 a4 11. b4 Nb3 12. Rb1 Nxc1 13. Rxc1 exd5 14. cxd5 c5 15. b5 d6 16. O-O g6 17.
e4 Bg7 18. f3 Qa5 19. Qc2 Bd7 20. Bc4 Re7 21. Rfd1 Be8 22. Nf1 Nd7 23. Nd2 Bd4+ 24. Kh1 Ne5 25. Bf1 b6 26. Nc4 Nxc4 27. Bxc4 Bxc3 28.
Qxc3 Bxb5 29. Bxb5 Qxb5 30. Rb1 Qa6 31. Qd3 Qxd3 32.
Rxd3 Rb7 33. Rb5 Ra5 34. Rxa5 bxa5 35. h3 Rb3 36. Rd1 Rxa3 37. Rb1 Rb3 38. Ra1 a3 39. Kh2 Kg7 0-1

[Event "*** SCC Grand Prix: Titled Tuesday Blitz"]
[Site "Chess.com"]
[Date "2020.07.07"]
[Round "7"]
[White "Klavdia_Nik"]
[Black "harlem4brew"]
[Result "0-1"]
[WhiteElo "2049"]
[BlackElo "2108"]
[TimeControl "180+1"]
[EndTime "11:19:31 PDT"]
[Termination "harlem4brew won on time"]

1. Nf3 Nf6 2. c4 Nc6 3. d4 d5 4. cxd5 Nxd5 5. Nc3 Nxc3 6. bxc3 Bg4 7. e3 e5 8. Be2 Bd6 9. O-O Qe7 10. a4 e4 11.
Nd2 Bxe2 12. Qxe2 f5 13. Rb1 Nd8 14. c4 c6 15. c5 Bc7 16. Qh5+ g6 17. Qe2 Nf7 18.
Nc4 Rb8 19. a5 a6 20. Nb6 Qh4 21. g3 Qh3 22. Rd1 Ng5 23. f4 exf3 24. Qf2 h5 25. e4 Nxe4 26. Qxf3 h4 27. Bf4 hxg3 28. Bxg3 Bxg3 29.
Qg2 Bxh2+ 30. Kf1 Qe3 31. Re1 Qf4+ 32. Ke2 Kf7 33. Kd3 Rh3+ 34. Kc2 Rc3+ 35. Kb2 Bg3 36.
Rf1 Qe3 37. Rbd1 Rb3+ 38. Ka2 Ra3+ 39. Kb2 Qc3+ 0-1

[Event "*** SCC Grand Prix: Titled Tuesday Blitz"]
[Site "Chess.com"]
[Date "2020.07.07"]
[Round "7"]
[White "crazychessbr"]
[Black "Vandros57"]
[Result "0-1"]
[WhiteElo "2049"]
[BlackElo "2103"]
[TimeControl "180+1"]
[EndTime "11:19:31 PDT"]
[Termination "Vandros57 won on time"]

1. e4 c5 2. d3 Nc6 3. g3 e6 4. Bg2 d5 5. Nd2 Nf6 6. Ngf3 Be7 7. O-O O-O 8. c3 b6 9. Re1 a5 10. e5 Nd7 11. Nf1 f6 12. d4 cxd4 13. cxd4 fxe5 14. dxe5 Qc7 15. Bf4 Ba6 16. Rc1 Qb7 17. Bh3 Nd8 18.
Nd4 Nc5 19. a3 a4 20. Rc3 Bxf1 21. Rxf1 Qd7 22. Qg4 Rc8 23. Rfc1 Kh8 24. Be3 Rb8 25. f4 g6 26. Bf2 Qe8 27. Rf3 Qd7 28. Rfc3 Qe8 29. Qe2 Qd7 30. g4 Nc6 31. f5 Nxd4 32. Bxd4 gxf5 33. gxf5 Bg5 34. Rf1 h6 35. fxe6 Qe7 36.
Rcf3 Rxf3 37. Rxf3 Nxe6 38. Bxe6 Qxe6 39. Qb5 Qg4+ 40. Rg3 Qxd4+ 0-1

[Event "*** SCC Grand Prix: Titled Tuesday Blitz"]
[Site "Chess.com"]
[Date "2020.07.07"]
[Round "7"]
[White "googlegoom"]
[Black "ChessLover0108"]
[Result "0-1"]
[WhiteElo "2519"]
[BlackElo "2688"]
[TimeControl "180+1"]
[EndTime "11:19:33 PDT"]
[Termination "ChessLover0108 won on time"]

1. Nf3 d5 2. b3 Nf6 3. Bb2 g6 4. e3 Bg7 5. Be2 O-O 6. O-O c5 7. d4 Ne4 8. Nbd2 Nc6 9. c3 cxd4 10.
Nxe4 dxe4 11. Nxd4 Ne5 12. Qc2 Bf5 13. Nxf5 gxf5 14.
Rfd1 Qc7 15. c4 Rfd8 16. Rxd8+ Rxd8 17. Rd1 e6 18. h3 h6 19. Bc3 a6 20. Qb2 Rxd1+ 21.
Bxd1 Nd3 22. Qc2 f4 23. Bxg7 Kxg7 24. Qc3+ Kg8 25. Qd4 fxe3 26. Qxe3 Qf4 27. Qxf4 Nxf4 28. Bc2 f5 29. h4 Kf7 30. g3 Ne2+ 31. Kf1 Nd4 32. Bd1 Kf6 33. Ke1 e5 34. Kd2 f4 35.
b4 Ke6 36. a4 b6 37. Bh5 Kd6 38. Kc3 e3 39. Kd3 exf2 40. Be2 Nxe2 41. Kxe2 fxg3 42. Kf1 e4 0-1

[Event "*** SCC Grand Prix: Titled Tuesday Blitz"]
[Site "Chess.com"]
[Date "2020.07.07"]
[Round "7"]
[White "Mikasinski"]
[Black "1f3_2g41-0"]
[Result "1/2-1/2"]
[WhiteElo "2444"]
[BlackElo "2300"]
[TimeControl "180+1"]
[EndTime "11:19:33 PDT"]
[Termination "Game drawn by stalemate"]

1. e4 c5 2. Nf3 d6 3. d4 cxd4 4. Nxd4 Nf6 5. Nc3 a6 6. Be2 e5 7.
Nf3 Be7 8. Bg5 O-O 9. Bxf6 Bxf6 10. Bc4 Be6 11. Bb3 Nc6 12. O-O Na5 13. Nd5 Rc8 14.
c3 Nc4 15. Bxc4 Rxc4 16. Qd3 b5 17. Rad1 Bg5 18. b3 Rc5 19. c4 bxc4 20. bxc4 Bxd5 21. cxd5 Bh6 22. Qxa6 Ra5 23. Qc4 Qa8 24. Ra1 Ra4 25.
Qe2 Rc8 26. Rfb1 g6 27. h3 Rcc4 28. Rb6 Rxe4 29. Qb5 Rab4 30. Qc6 Rxb6 31. Qxa8+ Kg7 32. a4 Reb4 33. a5 Rb8 34. Qc6 Bf4 35. g3 Bh6 36.
Qxd6 e4 37. Nh2 e3 38. Qe5+ Kg8 39. fxe3 Bg7 40. Qxb8+ Rxb8 41. Ra2 Be5 42. Kg2 Kf8 43.
Ng4 Bd6 44. a6 Ke7 45. e4 f5 46. exf5 gxf5 47. Ne3 Kf6 48. Nc4 Bc5 49. d6 Ke6 50.
Re2+ Kd5 51. Ne3+ Bxe3 52. Rxe3 Kxd6 53. Ra3 Ke5 54. a7 Ra8 55. Kf3 h5 56. Ra5+ Ke6 57. Kf4 h4 58. gxh4 Kf6 59. Ra6+ Kg7 60. Kxf5 Kh7 61. h5 Kg7 62. Kg5 Kf7 63. h6 Rg8+ 64.
Kh5 Ra8 65. h7 Kg7 66. Rh6 Kh8 67. h4 Rxa7 68. Kg6 Ra6+ 69. Kg5 Rxh6 70. Kxh6 1/2-1/2